 Dungeon Crawl Stone Soup version 0.25.1-2-g60ff931df9 (webtiles) character file.

Game seed: 12998045036629036219

451 nikku the Sneak (level 7, -6/46 HPs)
             Began as a Halfling Assassin on Nov 18, 2020.
             Was an Initiate of Dithmenos.
             Mangled by an ogre
             ... wielding a +0 giant spiked club
              (28 damage)
             ... on level 3 of the Dungeon.
             The game lasted 00:11:12 (3950 turns).

nikku the Sneak (Halfling Assassin)                 Turns: 3950, Time: 00:11:13

Health: -6/46      AC:  4    Str: 14    XL:     7   Next: 25%
Magic:  7/7        EV: 16    Int:  9    God:    Dithmenos [......]
Gold:   113        SH:  0    Dex: 16    Spells: 6/6 levels left

rFire    . . .     SeeInvis .   a - +2 dagger
rCold    . . .     Gourm    .   (shield restricted)
rNeg     . . .     Faith    .   b - +0 robe
rPois    .         Spirit   .   (no helmet)
rElec    .         Reflect  .   c - +1 cloak
rCorr    +         Harm     .   (no gloves)
MR       .....                  (no boots)
Stlth    +++.......             (no amulet)
HPRegen  0.15/turn              l - ring of resist corrosion
MPRegen  0.10/turn              (no ring)

@: no status effects
A: small, mutation resistance 1
a: Renounce Religion


You were on level 3 of the Dungeon.
You worshipped Dithmenos.
Dithmenos was noncommittal.
You were not hungry.

You visited 2 branches of the dungeon, and saw 6 of its levels.

You collected 113 gold pieces.

Inventory:

Hand Weapons
 a - a +2 dagger (weapon)
Missiles
 d - 16 poisoned darts (quivered)
 e - 2 curare-tipped darts
 m - 5 atropa-tipped darts
 n - 28 sling bullets
Armour
 b - a +0 robe (worn)
 c - a +1 cloak (worn)
Jewellery
 l - a ring of resist corrosion (left hand)
Wands
 p - a wand of paralysis (2)
 s - a wand of polymorph (5)
Scrolls
 k - a scroll of remove curse
Potions
 g - 3 potions of ambrosia
 h - a potion of curing {unknown}
 i - 2 potions of degeneration {unknown}
 o - a potion of flight {unknown}
 q - a potion of berserk rage {unknown}
 r - 2 potions of heal wounds {unknown}
 u - a potion of stabbing {unknown}
Comestibles
 f - 3 rations


   Skills:
 + Level 3.2 Fighting
 + Level 4.4 Short Blades
 + Level 3.7 Throwing
 + Level 3.4 Dodging
 + Level 5.7 Stealth


You had 6 spell levels left.
You didn't know any spells.
Your spell library was empty.

Dungeon Overview and Level Annotations

Branches:
Dungeon (5/15)             Temple (1/1) D:5

Altars:
Ashenzari
Cheibriados
Dithmenos
Elyvilon
Fedhas
Hepliaklqana
Kikubaaqudgha
Makhleb
Nemelex Xobeh
Qazlal
Sif Muna
Uskayaw
Vehumet
Wu Jian
Xom
Yredelemnul
Zin

Annotations:
D:5 Edmund, Prince Ribbit


Innate Abilities, Weirdness & Mutations

You are small and have problems with some larger weapons.
You are somewhat resistant to further mutation.


Message History

The ogre closely misses you.
Throwing (i - inventory. (/) - cycle)
d - 19 poisoned darts (quivered)
Press: ? - help, Shift-Dir - straight line, f/p - ogre
Aim: an ogre, wielding a +0 giant spiked club (severely wounded)
You throw a poisoned dart. The poisoned dart hits the ogre.
The ogre is severely wounded.
Throwing (i - inventory. (/) - cycle)
d - 18 poisoned darts (quivered)
Press: ? - help, Shift-Dir - straight line, f/p - ogre
Aim: an ogre, wielding a +0 giant spiked club (severely wounded)
You throw a poisoned dart. The poisoned dart hits the ogre.
The ogre is severely wounded.
The ogre hits you with a +0 giant spiked club!
Throwing (i - inventory. (/) - cycle)
d - 17 poisoned darts (quivered)
Press: ? - help, Shift-Dir - straight line, f/p - ogre
Aim: an ogre, wielding a +0 giant spiked club (severely wounded)
You throw a poisoned dart.
The poisoned dart closely misses the ogre.
The ogre hits you with a +0 giant spiked club!!
Ouch! That really hurt!
You die...

########## #.#
############### #.#
.().....(.....## #.#
#############(.# #.#
#...###.## #.# #...# #..#
#.# #...# ##.## #.# #...#
#.O# #.# #...# ##@## #.#
#...# #..# #.# #.÷.# ##.##
#.###### #...# #..#
#......# #...# ##.#
#......#
#...#######.###......#####
#.........................
##'#########.##......#####
#.### #.##..........÷


You could see an ogre.

Vanquished Creatures
  Sigmund (D:2)
  A scorpion (D:5)
  Ijyb (D:3)
  Natasha (thrice) (D:3)
  3 gnolls (D:2)
  3 adders
  A worm (D:3)
  3 dart slugs
  2 leopard geckos
  4 orcs (D:3)
  3 giant cockroaches
  7 hobgoblins
  15 jackals
  5 kobolds
  2 ball pythons
  10 bats
  3 frilled lizards
  11 goblins
  6 rats
84 creatures vanquished.

Notes
Turn   | Place    | Note
-------+----------+-------------------------------------------
     0 | D:1      | nikku the Halfling Assassin began the quest for the Orb.
     0 | D:1      | Reached XP level 1. HP: 14/14 MP: 1/1
   109 | D:1      | Reached XP level 2. HP: 18/19 MP: 2/2
   499 | D:1      | Reached XP level 3. HP: 13/24 MP: 3/3
  1278 | D:2      | Noticed Sigmund
  1280 | D:2      | Killed Sigmund
  1280 | D:2      | Reached skill level 5 in Stealth
  1280 | D:2      | Reached XP level 4. HP: 30/30 MP: 4/4
  1280 | D:2      | Reached XP level 5. HP: 35/35 MP: 5/5
  1286 | D:2      | Reached XP level 6. HP: 41/41 MP: 6/6
  1663 | D:2      | Found a white marble altar of Elyvilon.
  2191 | D:2      | Found a hide-covered altar of Uskayaw.
  2191 | D:2      | Found a shattered altar of Ashenzari.
  2341 | D:3      | Noticed Ijyb
  2345 | D:3      | Paralysed by Ijyb for 2 turns
  2358 | D:3      | Paralysed by Ijyb for 6 turns
  2359 | D:3      | Killed Ijyb
  2507 | D:3      | You fall into a shaft and drop 2 floors!
  2507 | D:5      | Entered Level 5 of the Dungeon
  2826 | D:5      | Noticed Prince Ribbit
  2901 | D:5      | Found a staircase to the Ecumenical Temple.
  2907 | Temple   | Entered the Ecumenical Temple
  3032 | Temple   | Became a worshipper of Dithmenos the Shadowed
  3051 | D:5      | Noticed Edmund
  3188 | D:3      | Reached XP level 7. HP: 46/46 MP: 7/7
  3365 | D:3      | Noticed Natasha
  3378 | D:3      | Killed Natasha
  3491 | D:3      | Noticed Natasha
  3499 | D:3      | Killed Natasha
  3521 | D:3      | Noticed Natasha
  3536 | D:3      | Killed Natasha
  3950 | D:3      | Mangled by an ogre

Illustrated notes

Levels and vault maps discovered:
D:1:      sevenhm_arrival_forest_fort_large_4, layout_rooms
D:2:      layout_loops_ring, gammafunk_temple_overflow_statue,
          lemuel_doored_altar, uniq_sigmund
D:3:      layout_basic, uniq_natasha, uniq_ijyb
D:4:      cheibrodos_quashed, layout_cave_pools, first_ration, serial_shops,
          nicolae_shop_waterfront, uniq_pikel
D:5:      wad_woods_stonehenge, layout_basic, minmay_temple_entry_sparse_star,
          uniq_edmund, uniq_prince_ribbit1
Temple:   bh_familiar_temple

Skill      XL: |  1  2  3  4  5  6 |
---------------+-------------------+-----
Fighting       | 2 3 |  3.2
Short Blades   | 3 4 |  4.4
Throwing       | 3 |  3.7
Dodging        | 2 3 |  3.4
Stealth        | 5 |  5.7

Action                   |  1- 3 |  4- 6 |  7- 9 || total
-------------------------+-------+-------+-------++-------
Melee: Dagger            |    96 |   142 |    31 ||   269
Throw: Dart              |    10 |    11 |    25 ||    46
  Use: Scroll            |     3 |     1 |     4 ||     8
 Stab: Sleeping          |     5 |    10 |     1 ||    16
  Eat: Chunk             |     1 |     4 |     1 ||     6
       Ration            |       |     1 |       ||     1
Armor: Robe              |    21 |    34 |     8 ||    63
Dodge: Dodged            |    70 |   137 |    37 ||   244
